 Dungeon Crawl Stone Soup version 0.17-a0-1115-g0372368 (webtiles) character file.

6704 Hanyuu the Martial Artist (level 11, -4/102 HPs)
             Began as an Octopode Transmuter on May 23, 2015.
             Was a Priest of Makhleb.
             Slain by a troll zombie (13 damage)
             ... animated by a shadow imp
             ... on level 9 of the Dungeon.
             The game lasted 00:45:54 (12496 turns).

Hanyuu the Martial Artist (Octopode Transmuter)    Turns: 12496, Time: 00:45:54

Health: -4/102     AC:  1    Str: 15    XL:     11   Next: 3%
Magic:  22/26      EV: 17    Int: 19    God:    Makhleb [***...]
Gold:   486        SH:  0    Dex: 12    Spells: 6 memorised, 1 level left

rFire  . . .     SeeInvis .       - Unarmed
rCold  . . .     Clarity  .     (no shield)
rNeg   . . .     SustAt   .     (helmet restricted)
rPois  .         Gourm    +     e - amulet of the gourmand
rElec  .         Spirit   .     o - ring of magical power
rCorr  .         Warding  .     r - +2 ring of evasion
rMut   .         Stasis   .     A - ring of flight
MR     .....                    N - ring of stealth
Stlth  ..........               (no ring)
                                (no ring)
                                (no ring)
                                (no ring)

@: berserking, about to teleport, very slightly contaminated, very quick, not
resistant to hostile enchantments, extremely unstealthy
A: almost no armour, amphibious, 8 rings, constrict 8, camouflage 1, gelatinous
body 1
a: Minor Destruction, Lesser Servant of Makhleb, Renounce Religion, Evoke Flight


You were on level 9 of the Dungeon.
You worshipped Makhleb.
Makhleb was most pleased with you.
You were very full.

You visited 2 branches of the dungeon, and saw 10 of its levels.
You also visited: Sewer.

You collected 486 gold pieces.

Inventory:

Hand weapons
 b - a +5 blowgun
Missiles
 h - 69 arrows
 k - 6 curare-tipped needles
 q - 5 javelins (quivered)
 z - 6 steel javelins
 E - 33 poisoned needles
 J - 8 needles of sleeping
Jewellery
 e - an amulet of the gourmand (around mantle)
 o - a ring of magical power (left tentacle)
 r - a +2 ring of evasion (right tentacle)
 A - a ring of flight (on tentacle)
 L - an uncursed ring of ice
 N - a ring of stealth (on tentacle)
Magical devices
 d - a wand of fire (6)
 s - a wand of paralysis (12)
 x - a wand of draining (9)
 D - a wand of cold (6)
Scrolls
 g - 7 scrolls of identify
 n - a scroll of amnesia
 p - 5 scrolls of teleportation
 t - 3 scrolls of recharging
 y - a scroll of fog
 B - 2 scrolls of remove curse
 P - a scroll of enchant armour
Potions
 i - 2 potions of cure mutation
 m - a potion of cancellation
 u - 3 potions of brilliance
 w - 3 potions of magic
 C - a potion of curing
 F - 2 potions of resistance
 G - a potion of flight
 K - 2 potions of invisibility
Books
 a - a book of Changes

   Spells                             Type                      Level
   a - Beastly Appendage              Transmutation                1
   b - Sticks to Snakes               Transmutation                2
   c - Spider Form                    Transmutation/Poison         3
   d - Ice Form                       Ice/Transmutation            4
   e - Blade Hands                    Transmutation                5
 I - a book of Callings

   Spells                             Type                      Level
   a - Summon Small Mammal            Summoning                    1
   b - Call Imp                       Summoning                    2
   c - Call Canine Familiar           Summoning                    3
   d - Summon Guardian Golem          Hexes/Summoning              3
   e - Summon Lightning Spire         Summoning/Air                4
   f - Summon Ice Beast               Ice/Summoning                4
Comestibles
 c - 8 bread rations
 j - 8 slices of pizza
 v - 2 meat rations
 H - 6 fruits
 M - 2 beef jerkies
 O - a royal jelly


   Skills:
 + Level 3.7 Fighting
 - Level 2.0 Throwing
 + Level 7.0 Dodging
 * Level 11.6 Unarmed Combat
 - Level 4.1 Spellcasting
 - Level 2.1 Summonings
 + Level 6.5 Transmutations
 - Level 4.0 Invocations


You had one spell level left.
You knew the following spells:

 Your Spells              Type           Power        Failure   Level  Hunger
a - Beastly Appendage     Trmt           ####..       1%          1    None
b - Sticks to Snakes      Trmt           ####......   1%          2    ##.....
c - Spider Form           Trmt/Pois      ###.......   12%         3    ###....
d - Call Imp              Summ           ##......     10%         2    ##.....
e - Blade Hands           Trmt           ####......   28%         5    ######.
f - Ice Form              Ice/Trmt       ###.....     38%         4    ####...


Dungeon Overview and Level Annotations

Branches:
Dungeon (9/15)             Temple (1/1) D:6
   Lair: D:8-11         Orc: D:9-12

Altars:
Ashenzari
Cheibriados
Dithmenos
Elyvilon
Fedhas
Gozag
Kikubaaqudgha
Makhleb
Nemelex Xobeh
Okawaru
Qazlal
Ru
Sif Muna
Trog
Vehumet
Xom
Yredelemnul
Zin
The Shining One

Shops:
D:9 }


Innate Abilities, Weirdness & Mutations

You cannot wear most types of armour.
You are amphibious.
You can wear up to eight rings at the same time.
You can use your tentacles to constrict eight enemies at once.
Your skin changes colour to match your surroundings (Stealth).
Your rubbery body absorbs attacks (AC +1).


Message History

The troll zombie barely misses you. The troll zombie claws you.
The shadow imp hits you.
Casting: Spider Form
Confirm with . or Enter, or press ? or * to list all spells.
You miscast Spider Form.
You feel a strange surge of energy! The shadow imp barely misses you.
Read which item? (? for menu, Esc to quit)
As you read the scroll of teleportation, it crumbles to dust.
You feel strangely unstable. The troll zombie bites you.
* * * LOW HITPOINT WARNING * * *
The troll zombie barely misses you. The troll zombie claws you.
* * * LOW HITPOINT WARNING * * *
The shadow imp gestures at you. Pain shoots through your body!
* * * LOW HITPOINT WARNING * * *
Drink which item? (? for menu, Esc to quit)
A red film seems to cover your vision as you go berserk!
You feel yourself moving faster!
You feel mighty!
The phantom blinks!
The troll zombie bites you!
You die...

#
#########
### # ♣♣♣
♣ ♣♣..♣.
♣(.W.♣
♣.!...
♣...§♣ ##
♣..5♣♣♣ .#
♣Z@Z♣♣ .#
♣.♣♣Z♣♣ .#
♣ ♣♣♣♣♣.♣
.# ♣. ♣.♣♣
.# ♣.♣♣
♣♣.♣ .#
♣.. ♣.♣♣
.#
♣.♣♣♣♣♣♣♣
♣♣.♣ .#
♣(.♣♣...♣♣
♣.♣♣ .#
♣..♣.♣♣.♣♣
♣♣.♣


You could see a phantom, a shadow imp, a kobold zombie and 2 troll zombies.

Vanquished Creatures
  2 hill giants (D:9)
  Joseph (D:8)
  3 trolls (D:9)
  A hog (D:8)
  A hungry ghost (D:3)
  A human (D:8)
  3 hippogriffs (D:7)
  3 orc warriors
  2 sky beasts
  A wasp (D:9)
  A phantom (D:5)
  2 necrophages (D:7)
  An ice beast (D:6)
  3 ogres
  4 centaurs
  2 crocodiles
  7 giant frogs
  2 big kobolds (D:9)
  A water moccasin zombie (D:9)
  A water moccasin skeleton (D:9)
  4 scorpions
  A wight (D:9)
  3 crimson imps
  4 jellies
  A quasit (D:9)
  4 iguanas
  An orc priest (D:3)
  A centaur skeleton (D:5)
  A giant frog skeleton (D:9)
  5 orc wizards
  7 hounds (D:9)
  6 worker ants
  3 sheep (D:8)
  A worker ant zombie (D:5)
  3 gnolls (D:3)
  6 river rats
  12 adders
  3 shadow imps
  3 oozes
  An adder skeleton (D:5)
  3 worms
  4 giant geckos
  34 orcs
  6 ball pythons
  6 giant cockroaches
  16 hobgoblins
  A quokka (D:7)
  A ball python skeleton (D:5)
  19 bats
  A giant gecko skeleton (D:5)
  13 giant newts
  13 goblins
  19 jackals
  20 kobolds
  23 rats
291 creatures vanquished.

Notes
Turn   | Place    | Note
--------------------------------------------------------------
     0 | D:1      | Hanyuu the Octopode Transmuter began the quest for the Orb.
     0 | D:1      | Reached XP level 1. HP: 13/13 MP: 3/3
   131 | D:1      | Reached XP level 2. HP: 6/18 MP: 3/5
   554 | D:1      | Found a sparkling altar of Nemelex Xobeh.
   595 | D:1      | Reached skill level 4 in Unarmed Combat
   654 | D:1      | Reached XP level 3. HP: 6/23 MP: 6/6
   658 | D:1      | Learned a level 2 spell: Sticks to Snakes
   662 | D:1      | Learned a level 3 spell: Spider Form
  1400 | D:2      | HP: 1/23 [goblin (2)]
  2044 | D:2      | Reached XP level 4. HP: 25/28 MP: 7/7
  3255 | D:3      | Noticed a hungry ghost
  3278 | D:3      | Killed a hungry ghost
  3278 | D:3      | Reached skill level 5 in Unarmed Combat
  3278 | D:3      | Reached XP level 5. HP: 6/35 MP: 8/8
  3278 | D:3      | Reached XP level 6. HP: 7/41 MP: 9/9
  4191 | D:3      | Reached skill level 6 in Unarmed Combat
  4642 | D:4      | Found a glowing drain.
  4646 | Sewer    | Entered a sewer
  5068 | Sewer    | Reached XP level 7. HP: 40/45 MP: 10/10
  5412 | D:4      | Found a staircase to the Ecumenical Temple.
  5960 | D:5      | Entered Level 5 of the Dungeon
  6161 | D:5      | Reached skill level 1 in Throwing
  6402 | D:5      | Reached skill level 7 in Unarmed Combat
  6402 | D:5      | Reached XP level 8. HP: 52/52 MP: 11/11
  6818 | D:5      | Found a bloodstained altar of Trog.
  6973 | D:6      | Found a blossoming altar of Fedhas.
  6974 | D:6      | Found an iron altar of Okawaru.
  6976 | D:6      | Found a snail-covered altar of Cheibriados.
  7069 | D:6      | Found a staircase to the Ecumenical Temple.
  7084 | Temple   | Entered the Ecumenical Temple
  7136 | Temple   | Became a worshipper of Makhleb the Destroyer
  7408 | D:6      | Reached skill level 5 in Transmutations
  7651 | D:6      | Found a deep blue altar of Sif Muna.
  7652 | D:6      | Found a white marble altar of Elyvilon.
  7652 | D:6      | Found a sacrificial altar of Ru.
  7652 | D:6      | Found a shimmering altar of Xom.
  7653 | D:6      | Found a stormy altar of Qazlal.
  7657 | D:6      | Found a sparkling altar of Nemelex Xobeh.
  7659 | D:6      | Found an ancient bone altar of Kikubaaqudgha.
  7755 | D:7      | Reached skill level 8 in Unarmed Combat
  7780 | D:7      | Learned a level 2 spell: Call Imp
  7961 | D:7      | Reached XP level 9. HP: 49/56 MP: 13/13
  8264 | D:7      | HP: 1/56 [hippogriff (8)]
  8269 | D:7      | HP: 1/56 [hippogriff (5)]
  8763 | D:7      | Acquired Makhleb's first power
  8807 | D:7      | Learned a level 5 spell: Blade Hands
  8936 | D:7      | Reached skill level 9 in Unarmed Combat
  9285 | D:8      | Reached skill level 5 in Dodging
  9554 | D:8      | Noticed Joseph
  9600 | D:8      | Killed Joseph
  9600 | D:8      | Reached skill level 1 in Summonings
 10250 | D:8      | Reached skill level 10 in Unarmed Combat
 10250 | D:8      | Reached XP level 10. HP: 25/63 MP: 16/16
 10569 | D:8      | Reached skill level 1 in Invocations
 10781 | D:8      | Learned a level 4 spell: Ice Form
 10980 | D:9      | Acquired Makhleb's second power
 11946 | D:9      | Acquired Makhleb's third power
 12003 | D:9      | Reached skill level 11 in Unarmed Combat
 12046 | D:9      | Found Xuemeur's Gadget Boutique.
 12052 | D:9      | Noticed a hill giant
 12066 | D:9      | Killed a hill giant
 12084 | D:9      | Noticed a hill giant
 12102 | D:9      | Killed a hill giant
 12458 | D:9      | Reached XP level 11. HP: 63/67 MP: 17/17
 12496 | D:9      | Slain by a troll zombie

Vault maps used:
D:1:      co_arrival_random_square_maze, nemelex_xobeh_ov_fountains_minmay
D:2:      first_bread
D:3:      kennysheep_another_room, roderic_roman_lattice
D:4:      minmay_temple_entry_statues_fountains, gup_sewer_entry_spiral
D:5:      kennysheep_mini, hangedman_decor_push
D:6:      minitemple, minmay_temple_entry_glassed_door
D:8:      grunt_livestock, uniq_joseph
D:9:      forest_paths, serial_shops, nicolae_shop_crystal
Temple:   cyrus_temple_forest_13
Sewer:    sewer_co_cracked_pipes

Action                   |  1- 3 |  4- 6 |  7- 9 | 10-12 || total
-------------------------+-------+-------+-------+-------++-------
Melee: Unarmed           |   101 |   223 |   309 |   201 ||   834
 Fire: Blowgun           |       |       |    28 |    44 ||    72
Throw: Javelin           |       |       |     4 |       ||     4
 Cast: Beastly Appendage |     4 |     6 |     4 |     1 ||    15
       Spider Form       |     1 |     4 |    19 |    11 ||    35
 Abil: End Transformatio |       |       |       |     2 ||     2
  Use: Scroll            |     5 |    15 |    12 |     2 ||    34
       Potion            |     1 |     1 |     2 |     1 ||     5
 Stab: Sleeping          |     5 |    19 |    12 |     9 ||    45
       Distracted        |       |     2 |     1 |     2 ||     5
  Eat: Chunk             |     4 |    28 |    18 |     9 ||    59
       Fruit             |       |     1 |       |       ||     1
       Meat ration       |       |     1 |       |       ||     1
